Map: Jagannatha LE

Players

Nice - Winner!

  • Race: Protoss Protoss

GogojOey

  • Race: Zerg Zerg

VOD

Have the link to the VOD?

Description

Time

  • Played on: Sept. 29, 2021, 9:06 a.m.
  • Length: 19:56
Show
View Real Time Build Order
Export as new Build Order

Nice Protoss - Winner!

Build Orders: 1 Gate Expand, Oracle Opening 

Get SALT Encoding   

  12  0:00  Probe  
  13  0:12  Probe  
  14  0:20  Pylon  
  14  0:24  Probe  
  15  0:38  Probe (Chrono Boost)  
  15  0:40  Gateway  
  16  0:49  Probe (Chrono Boost)  
  17  0:50  Assimilator  
  17  0:54  Probe (Chrono Boost)  
  18  1:04  Probe  
  19  1:16  Probe  
  20  1:27  Cybernetics Core  
  20  1:38  Nexus  
  20  1:45  Pylon  
  20  1:51  Probe  
  20  1:52  Assimilator  
  21  2:02  Adept (Chrono Boost)  
  21  2:03  Probe  
  24  2:15  Probe  
  25  2:22  Adept (Chrono Boost)  
  25  2:24  Pylon  
  25  2:27  Probe  
  28  2:38  Pylon  
  28  2:39  Probe  
  28  2:45  Adept  
  30  2:51  Probe  
  30  2:57  Probe (Chrono Boost)  
  32  2:59  Warp Gate, Stargate  
  33  3:08  Probe (Chrono Boost)  
  33  3:09  Probe (Chrono Boost)  
  34  3:17  Probe (Chrono Boost)  
  34  3:19  Probe (Chrono Boost)  
  36  3:20  Adept  
  38  3:27  Probe  
  38  3:28  Gateway, Probe  
  38  3:39  Probe  
  38  3:40  Oracle (Chrono Boost), Probe  
  43  3:51  Adept, Probe  
  43  3:55  Pylon  
  46  3:59  Pylon  
  46  4:09  Shield Battery  
  46  4:10  Oracle (Chrono Boost)  
  46  4:13  Probe x2  
  51  4:25  Probe x2  
  53  4:37  Oracle (Chrono Boost), Probe x2  
  55  4:40  Assimilator  
  55  4:41  Assimilator  
  58  4:49  Adept, Probe x2  
  58  4:50  Gateway  
  62  5:06  Probe x2  
  62  5:08  Oracle (Chrono Boost)  
  61  5:17  Pylon  
  61  5:18  Probe  
  61  5:20  Pylon  
  62  5:27  Nexus, Pylon  
  64  5:35  Probe x2  
  64  5:37  Stalker, Oracle (Chrono Boost)  
  69  5:45  Adept x2  
  69  5:47  Probe x2  
  69  5:48  Shield Battery  
  75  5:50  Pylon  
  75  5:58  Pylon  
  75  5:59  Probe x2  
  75  6:00  Robotics Facility  
  75  6:02  Robotics Facility  
  77  6:12  Probe x2  
  77  6:15  Oracle (Chrono Boost)  
  77  6:16  Adept x3  
  88  6:24  Probe x2  
  90  6:27  Forge  
  90  6:29  Twilight Council  
  90  6:36  Probe x2  
  92  6:46  Probe  
  93  6:48  Zealot, Probe x2, Sentry x2  
  93  6:49  Shield Battery  
  93  6:51  Shield Battery  
  93  6:52  Pylon  
  101  6:57  Immortal (Chrono Boost)  
  101  6:58  Probe  
  101  7:01  Shield Battery  
  106  7:06  Pylon  
  104  7:11  Immortal (Chrono Boost)  
  104  7:13  Sentry  
  104  7:14  Zealot x2  
  96  7:29  Immortal (Chrono Boost)  
  96  7:35  Zealot x2  
  100  7:39  Zealot  
  95  7:46  Probe  
  88  7:53  Immortal (Chrono Boost)  
  88  7:56  Zealot x2  
  88  7:58  Probe x2  
  92  7:59  Immortal (Chrono Boost)  
  86  8:06  Probe  
  86  8:10  Probe x2  
  80  8:16  Zealot x2  
  80  8:17  Zealot  
  80  8:18  Probe  
  88  8:22  Probe x2  
  88  8:25  Immortal (Chrono Boost)  
  88  8:30  Probe  
  88  8:31  Shield Battery  
  88  8:32  Pylon  
  85  8:36  Probe (Chrono Boost)  
  85  8:38  Probe (Chrono Boost), Protoss Ground Weapons Level 1 (Chrono Boost)  
  85  8:39  Charge  
  84  8:47  Sentry  
  84  8:48  Probe (Chrono Boost)  
  89  8:49  Assimilator, Sentry  
  89  8:50  Probe (Chrono Boost)  
  89  8:52  Assimilator, Probe (Chrono Boost)  
  89  8:55  Probe (Chrono Boost)  
  92  8:56  Probe (Chrono Boost)  
  92  8:58  Probe  
  92  9:01  Warp Prism (Chrono Boost)  
  95  9:04  Probe  
  95  9:06  Probe  
  95  9:08  Observer (Chrono Boost)  
  99  9:10  Probe  
  99  9:12  Shield Battery  
  99  9:16  Probe  
  101  9:20  Templar Archives  
  101  9:22  Gateway  
  101  9:24  Gateway  
  101  9:28  Gateway  
  105  9:41  Immortal (Chrono Boost)  
  105  9:43  Immortal (Chrono Boost)  
  109  9:54  Gateway  
  109  9:56  Stalker x2, Gateway  
  109  9:58  Pylon  
  113  10:05  Photon Cannon  
  113  10:08  Photon Cannon  
  113  10:16  Sentry x2  
  121  10:22  Immortal  
  125  10:29  Blink  
  125  10:31  Pylon  
  125  10:33  Phoenix (Chrono Boost)  
  127  10:39  Stargate  
  127  10:40  Protoss Shields Level 1 (Chrono Boost)  
  127  10:42  Fleet Beacon  
  123  10:44  Photon Cannon  
  123  10:49  Void Ray (Chrono Boost)  
  123  10:52  Phoenix (Chrono Boost)  
  127  11:02  Pylon  
  127  11:03  Protoss Air Weapons Level 1  
  127  11:06  Shield Battery  
  127  11:19  Stalker x3  
  127  11:20  Stalker  
  135  11:27  Stalker, Phoenix (Chrono Boost)  
  135  11:28  Stalker  
  135  11:32  Phoenix (Chrono Boost)  
  135  11:42  Phoenix (Chrono Boost)  
  135  11:44  Stalker x3  
  139  11:53  Phoenix  
  134  12:04  Anion Pulse-Crystals (Chrono Boost)  
  134  12:05  Phoenix  
  136  12:11  Photon Cannon  
  136  12:12  Photon Cannon  
  136  12:14  Pylon x2  
  136  12:15  Pylon  
  136  12:16  Photon Cannon  
  136  12:18  Phoenix  
  136  12:20  Zealot  
  140  12:31  Phoenix  
  140  12:43  Phoenix (Chrono Boost)  
  138  12:48  Pylon  
  138  12:49  Pylon  
  138  12:50  Pylon  
  138  12:54  Templar Archives  
  138  12:56  Phoenix (Chrono Boost)  
  138  12:57  Probe  
  141  13:03  Protoss Ground Weapons Level 2 (Chrono Boost)  
  141  13:05  Phoenix (Chrono Boost)  
  143  13:14  Phoenix (Chrono Boost)  
  147  13:30  Phoenix (Chrono Boost)  
  147  13:33  Phoenix (Chrono Boost)  
  139  13:48  Phoenix, High Templar, Pylon  
  137  13:49  Zealot x4, High Templar  
  137  13:51  Phoenix  
  137  13:53  Pylon  
  137  13:55  Archon  
  150  13:57  Nexus, Probe x3  
  153  14:09  Probe x2  
  156  14:10  Probe  
  156  14:12  Photon Cannon  
  156  14:13  Phoenix  
  156  14:14  Shield Battery  
  156  14:16  Photon Cannon, High Templar x2  
  162  14:17  Zealot x2  
  162  14:20  Archon  
  162  14:21  Probe x2  
  162  14:22  Probe  
  168  14:26  Stalker  
  168  14:27  Stalker  
  156  14:35  Phoenix (Chrono Boost)  
  156  14:38  Phoenix (Chrono Boost)  
  129  14:57  Phoenix (Chrono Boost)  
  128  15:02  High Templar  
  128  15:03  Zealot, High Templar  
  128  15:04  Zealot x3  
  128  15:06  Archon  
  133  15:20  Phoenix x2  
  127  15:36  Nexus  
  127  15:40  Zealot x2, High Templar x2, Pylon  
  135  15:44  Archon  
  135  15:52  Zealot x2  
  135  15:56  Phoenix  
  141  16:00  Phoenix  
  143  16:06  Protoss Air Weapons Level 2 (Chrono Boost)  
  143  16:21  Phoenix (Chrono Boost)  
  141  16:34  Phoenix (Chrono Boost)  
  141  16:37  Probe  
  144  16:40  Photon Cannon  
  144  16:42  Shield Battery  
  144  16:45  Pylon  
  144  16:50  Phoenix (Chrono Boost)  
  146  16:57  High Templar x2  
  148  17:01  Archon  
  148  17:05  Assimilator  
  148  17:08  Phoenix  
  148  17:11  Pylon  
  148  17:13  Pylon  
  148  17:14  Assimilator  
  150  17:19  Phoenix (Chrono Boost)  
  152  17:40  Phoenix (Chrono Boost)  
  152  17:41  Phoenix (Chrono Boost)  
  152  17:42  Zealot x6  
  166  17:58  Phoenix  
  166  18:06  High Templar  
  166  18:07  Phoenix  
  170  18:23  Phoenix (Chrono Boost)  
  168  18:27  High Templar  
  168  18:32  Phoenix (Chrono Boost)  
  168  18:34  Archon  
  172  18:42  Photon Cannon x2  
  172  18:44  Shield Battery  
  172  18:45  Pylon  
  172  18:46  Phoenix (Chrono Boost)  
  174  18:53  Phoenix (Chrono Boost)  
  176  18:55  Pylon  
  174  19:04  High Templar x2  
  174  19:05  Zealot x4  
  174  19:09  Archon  
  186  19:25  Nexus  
  186  19:26  Pylon  
  180  19:35  Zealot x2, High Templar x2  
  156  19:39  Archon  
Show
View Real Time Build Order
Export as new Build Order

GogojOey Zerg 

Build Orders: Hatch First 

Get SALT Encoding   

  12  0:00  Drone  
  13  0:12  Overlord  
  13  0:17  Drone  
  14  0:30  Drone x2  
  16  0:49  Drone x2  
  18  0:55  Hatchery  
  17  0:58  Drone  
  17  1:03  Extractor  
  17  1:13  Spawning Pool  
  17  1:17  Drone  
  17  1:20  Drone  
  18  1:28  Drone  
  19  1:39  Drone  
  20  1:49  Drone  
  21  2:00  Zergling x2  
  22  2:05  Metabolic Boost  
  22  2:06  Queen  
  22  2:07  Queen  
  22  2:08  Zergling x2  
  27  2:12  Overlord  
  27  2:18  Drone  
  28  2:30  Drone x2  
  29  2:43  Drone  
  30  2:44  Queen  
  32  2:51  Overlord  
  32  2:54  Zergling x2  
  32  2:57  Zergling x4  
  35  3:03  Hatchery  
  35  3:05  Drone  
  35  3:08  Drone  
  36  3:13  Drone  
  36  3:16  Drone x2  
  36  3:17  Drone  
  37  3:28  Drone x2  
  37  3:29  Drone x3  
  40  3:39  Spore Crawler  
  40  3:40  Drone  
  40  3:45  Drone  
  40  3:47  Overlord  
  41  3:52  Drone x2  
  41  3:54  Overlord  
  43  4:03  Overlord  
  43  4:08  Drone  
  43  4:09  Drone x2  
  46  4:12  Spore Crawler  
  46  4:15  Drone x2  
  46  4:16  Drone, Queen  
  48  4:18  Zergling x2  
  48  4:22  Zergling x4  
  50  4:29  Drone x3  
  53  4:31  Drone  
  53  4:36  Drone  
  53  4:37  Drone x2  
  57  4:38  Drone  
  57  4:42  Extractor  
  57  4:50  Drone x2  
  57  4:51  Spore Crawler  
  58  4:53  Drone  
  58  4:54  Drone x3  
  55  5:00  Drone x3  
  55  5:04  Drone  
  54  5:10  Queen  
  55  5:16  Drone x2  
  55  5:18  Drone  
  58  5:22  Queen  
  58  5:27  Drone, Roach Warren  
  60  5:29  Drone  
  60  5:32  Queen  
  63  5:36  Overlord  
  63  5:39  Drone x2  
  65  5:43  Overlord  
  65  5:49  Extractor  
  64  5:50  Overlord, Extractor  
  64  5:52  Overlord  
  63  6:00  Queen  
  63  6:01  Queen  
  63  6:02  Overlord  
  65  6:15  Roach  
  65  6:16  Roach x8  
  83  6:18  Zergling x2  
  83  6:19  Zergling x2  
  83  6:20  Zergling x2  
  83  6:24  Drone  
  88  6:25  Zergling x4  
  88  6:28  Zergling x4  
  88  6:31  Zergling x4  
  93  6:34  Zergling x2  
  93  6:35  Zergling x4  
  96  6:45  Zergling x10  
  100  6:50  Ravager x5  
  105  6:55  Overlord x2  
  105  7:09  Ravager  
  105  7:10  Ravager, Zergling x2  
  105  7:13  Queen  
  105  7:21  Queen x2  
  101  7:26  Zergling x20  
  101  7:29  Ravager  
  105  7:34  Zergling x6  
  101  7:39  Zergling x4  
  97  7:48  Zergling x2, Roach  
  97  7:49  Zergling x2, Queen  
  95  8:00  Zergling x4, Roach  
  95  8:05  Lair  
  95  8:06  Drone, Queen  
  94  8:13  Zergling x8  
  94  8:14  Zergling x2  
  94  8:20  Drone x2  
  91  8:30  Zergling x2, Roach  
  91  8:31  Queen  
  91  8:33  Hatchery  
  90  8:37  Drone x3  
  90  8:38  Drone x5  
  90  8:41  Drone  
  90  8:45  Drone x3  
  90  8:46  Drone  
  90  8:47  Drone  
  90  8:48  Extractor  
  94  8:53  Roach  
  94  8:54  Queen  
  99  8:57  Drone  
  99  9:00  Roach  
  99  9:01  Evolution Chamber  
  101  9:08  Queen  
  101  9:09  Drone  
  104  9:10  Queen  
  104  9:12  Spire, Glial Reconstitution  
  105  9:19  Overlord  
  104  9:24  Extractor  
  104  9:25  Overlord  
  104  9:28  Zerg Missile Weapons Level 1  
  103  9:39  Drone x3  
  103  9:41  Spine Crawler, Overlord  
  103  9:43  Overseer  
  105  9:47  Queen  
  105  9:50  Queen  
  109  9:53  Drone  
  109  9:55  Extractor  
  109  9:59  Overlord  
  109  10:06  Drone  
  109  10:07  Drone x2  
  112  10:12  Drone x12  
  124  10:23  Mutalisk  
  124  10:24  Mutalisk x9  
  124  10:25  Extractor  
  124  10:26  Zerg Flyer Weapons Level 1  
  143  10:29  Mutalisk  
  143  10:31  Mutalisk  
  143  10:32  Mutalisk  
  143  10:34  Mutalisk  
  151  10:37  Mutalisk  
  151  10:40  Mutalisk x2  
  157  10:44  Mutalisk  
  157  10:47  Extractor  
  157  10:48  Overlord  
  158  10:50  Mutalisk  
  160  10:59  Overlord  
  159  11:05  Overlord  
  159  11:10  Mutalisk x4  
  167  11:12  Hatchery  
  167  11:13  Zergling x2  
  167  11:22  Mutalisk x2  
  167  11:25  Zergling x20, Roach  
  183  11:38  Overlord  
  183  11:39  Zerg Melee Weapons Level 1  
  183  11:41  Roach  
  181  11:50  Mutalisk x2  
  177  11:55  Mutalisk x3  
  177  12:00  Mutalisk  
  181  12:02  Zergling x20  
  191  12:12  Overlord  
  191  12:23  Overlord  
  191  12:26  Extractor  
  191  12:27  Extractor  
  178  12:39  Mutalisk x8  
  178  12:40  Zergling x2  
  178  12:41  Zergling x12  
  198  12:45  Drone x2  
  198  12:51  Pneumatized Carapace, Overseer  
  199  12:52  Overseer  
  199  13:01  Zergling x2  
  199  13:02  Zerg Flyer Weapons Level 2  
  199  13:04  Baneling Nest  
  199  13:17  Corruptor  
  197  13:25  Corruptor  
  197  13:26  Corruptor x2  
  199  13:27  Zergling x2  
  181  13:34  Corruptor x6  
  181  13:37  Zergling x26  
  199  13:42  Corruptor  
  199  13:46  Mutalisk x2  
  190  13:49  Zergling x2  
  190  13:50  Zergling x16  
  199  14:00  Zergling x2  
  200  14:03  Centrifugal Hooks  
  200  14:04  Zerg Melee Weapons Level 2  
  200  14:12  Spine Crawler  
  200  14:13  Spore Crawler  
  198  14:18  Mutalisk  
  193  14:26  Mutalisk x6  
  183  14:33  Mutalisk x2  
  183  14:35  Zergling x22  
  194  14:42  Mutalisk x2  
  188  14:49  Mutalisk x2  
  186  15:05  Corruptor  
  186  15:11  Mutalisk x5  
  192  15:14  Corruptor  
  192  15:20  Corruptor x2  
  178  15:23  Zergling x22  
  171  15:29  Corruptor x2  
  171  15:30  Queen  
  166  15:43  Corruptor x3  
  170  15:57  Zerg Flyer Armor Level 1  
  170  16:00  Corruptor x3  
  170  16:04  Drone x3  
  179  16:05  Queen  
  179  16:10  Queen  
  181  16:18  Infestation Pit  
  181  16:25  Overlord x3  
  174  16:28  Queen x2  
  162  16:34  Overlord  
  162  16:39  Corruptor  
  161  16:44  Queen  
  161  16:45  Hatchery  
  164  16:48  Spore Crawler  
  164  16:49  Queen  
  165  16:55  Roach  
  165  16:56  Roach x2  
  165  17:01  Roach x3  
  173  17:21  Overlord x3  
  169  17:32  Hive  
  169  17:36  Overlord  
  169  17:39  Overlord  
  169  17:40  Overlord x4  
  169  17:41  Overlord  
  167  17:46  Overlord  
  167  17:48  Drone  
  167  17:51  Overlord  
  168  17:52  Drone x3  
  168  17:54  Overlord  
  171  18:04  Queen x2  
  171  18:06  Ravager x5, Spore Crawler x2  
  171  18:07  Ravager  
  174  18:13  Drone x2  
  167  18:23  Drone x9  
  161  18:42  Queen x2  
  161  18:47  Ultralisk Cavern  
  164  18:49  Queen  
  164  18:50  Drone x3  
  164  18:54  Roach x6  
  180  19:02  Zergling x2, Roach  
  180  19:03  Zergling x14  
  178  19:18  Zergling x24, Roach x2  
  178  19:20  Baneling x3  
  178  19:21  Baneling x2  
  178  19:23  Baneling  
  188  19:24  Baneling x5  
  188  19:30  Zergling x2  
  188  19:31  Zergling x8, Roach  
  176  19:37  Zergling x10, Roach  
Tags
 
Add a new tag
Caveats
  • Supply blocks, unpowered buildings, or Contaminate may cause inaccurate times.
  • Supply counts are checked every 10 seconds.